Map: Romanticide LE

Players

Clem - Winner!

  • Race: Terran Terran

Reynor

  • Race: Zerg Zerg

Event: DreamHack SC2 Masters 2021 Fall

VOD

Have the link to the VOD?

Description

Time

  • Played on: Aug. 14, 2021, 11:25 a.m.
  • Length: 14:04

All games in this series

Show
View Real Time Build Order
Export as new Build Order

Clem Terran - Winner!

Build Orders: Hellion Opening, Reaper Expand 

Get SALT Encoding   

  12  0:00  SCV  
  13  0:12  SCV  
  14  0:17  Supply Depot  
  14  0:24  SCV  
  15  0:38  SCV  
  15  0:39  Barracks  
  16  0:43  Refinery  
  16  0:50  SCV  
  17  1:02  SCV  
  18  1:15  SCV  
  19  1:25  Reaper  
  19  1:27  Orbital Command  
  20  1:39  Command Center  
  20  1:46  Supply Depot  
  20  1:52  SCV  
  21  1:57  Marine  
  22  2:04  SCV  
  23  2:11  Factory  
  23  2:16  SCV  
  23  2:20  Barracks Reactor  
  24  2:23  Refinery  
  24  2:28  SCV  
  25  2:40  SCV  
  26  2:51  Orbital Command  
  26  2:52  SCV  
  26  2:56  Starport  
  27  3:02  Hellion x2  
  27  3:05  SCV  
  31  3:12  Barracks Tech Lab  
  31  3:14  Supply Depot  
  31  3:16  SCV  
  31  3:17  SCV  
  33  3:23  Hellion x2  
  37  3:28  SCV  
  37  3:29  SCV  
  39  3:39  Supply Depot  
  39  3:40  SCV  
  39  3:41  Raven  
  40  3:44  Barracks Tech Lab  
  40  3:45  Hellion x2  
  40  3:46  SCV  
  47  3:52  SCV  
  48  3:58  SCV  
  48  4:02  Supply Depot  
  49  4:05  Command Center  
  49  4:08  SCV  
  50  4:11  Hellion  
  50  4:14  Hellion  
  54  4:17  SCV  
  54  4:20  SCV  
  54  4:22  Marine  
  55  4:29  SCV  
  54  4:33  SCV  
  54  4:37  Hellion x2  
  55  4:39  Marine, Supply Depot  
  55  4:41  SCV, Starport Reactor  
  55  4:45  SCV  
  58  4:47  Stimpack  
  58  4:51  Barracks  
  58  4:52  Barracks  
  58  4:53  SCV  
  58  4:57  Marine, SCV  
  61  5:05  SCV  
  62  5:08  Engineering Bay  
  62  5:09  SCV  
  62  5:10  Engineering Bay  
  62  5:12  Supply Depot  
  62  5:14  Factory Reactor  
  63  5:15  Marine  
  63  5:18  Orbital Command  
  64  5:23  Refinery  
  64  5:24  SCV  
  64  5:25  Refinery, SCV  
  66  5:33  Marine  
  66  5:34  Supply Depot  
  67  5:37  SCV  
  67  5:39  SCV  
  67  5:40  Marine  
  67  5:42  Terran Infantry Armor Level 1, Terran Infantry Weapons Level 1  
  66  5:47  SCV  
  66  5:49  SCV  
  62  5:51  Marine, Widow Mine x2  
  62  5:53  Medivac x2  
  62  5:54  SCV  
  67  5:59  Marine, Orbital Command  
  67  6:00  Marine  
  67  6:01  SCV  
  65  6:08  Barracks  
  65  6:09  Marine, Barracks Reactor, Barracks  
  65  6:11  SCV  
  66  6:13  SCV  
  66  6:17  Marine  
  68  6:18  Marine  
  68  6:21  Widow Mine x2  
  68  6:23  SCV  
  68  6:24  SCV  
  75  6:25  SCV  
  75  6:26  Marine  
  75  6:30  Combat Shield  
  77  6:34  Marine  
  77  6:35  SCV, Factory  
  77  6:36  Marine, SCV  
  77  6:38  Armory  
  81  6:43  SCV  
  81  6:44  Marine  
  83  6:47  SCV  
  83  6:49  SCV  
  83  6:50  Marine  
  83  6:51  Supply Depot  
  83  6:52  Marine  
  83  6:53  Supply Depot  
  83  6:54  Widow Mine  
  89  6:55  SCV, Widow Mine  
  89  6:57  Marine x2  
  89  6:59  Barracks Reactor x2  
  94  7:02  Marine  
  94  7:04  Supply Depot  
  94  7:08  Marine  
  95  7:09  Medivac  
  95  7:10  Marine  
  95  7:12  SCV x2  
  95  7:13  Refinery, SCV  
  95  7:15  Marine x2, Widow Mine  
  104  7:20  Marine, Widow Mine  
  111  7:22  Widow Mine  
  111  7:24  SCV  
  111  7:25  SCV  
  111  7:26  Marine  
  111  7:28  Marine  
  115  7:30  Supply Depot  
  115  7:33  Marine, Medivac  
  115  7:34  SCV, Drilling Claws  
  115  7:35  Marine  
  115  7:36  Widow Mine  
  115  7:37  Marine, SCV x2  
  123  7:38  Marine  
  123  7:39  Marine  
  123  7:41  Marine x2  
  123  7:44  Marine  
  129  7:47  Supply Depot  
  129  7:55  Widow Mine  
  129  7:57  Command Center  
  129  7:59  Widow Mine  
  129  8:01  Marine x3  
  129  8:02  Marine  
  129  8:03  Marine  
  129  8:05  Marine  
  130  8:09  SCV x2  
  130  8:10  SCV  
  130  8:11  Marine x2  
  132  8:15  Marine  
  132  8:16  Widow Mine  
  132  8:19  Marine  
  130  8:21  Marine, SCV  
  130  8:22  Widow Mine  
  130  8:24  Widow Mine  
  134  8:29  SCV x2  
  134  8:30  Terran Infantry Weapons Level 2  
  134  8:31  Marine  
  136  8:35  Marine x2  
  136  8:39  Supply Depot  
  136  8:40  Marine  
  136  8:41  Marine x2, Widow Mine  
  134  8:45  Medivac x2  
  134  8:46  Widow Mine  
  134  8:47  SCV  
  142  8:48  SCV  
  142  8:55  Marine  
  144  8:57  Marine x2, Widow Mine  
  144  8:58  Marine  
  144  9:01  Marine  
  144  9:02  Marine, SCV  
  144  9:06  Marine x2, Widow Mine  
  144  9:09  Supply Depot  
  148  9:11  Widow Mine  
  148  9:12  Marine  
  148  9:15  Medivac x2  
  148  9:16  Marine x2  
  157  9:17  Terran Infantry Armor Level 2  
  157  9:18  Marine, SCV  
  159  9:25  Marine, Widow Mine  
  159  9:26  Marine x2  
  159  9:27  Marine x2  
  159  9:28  SCV  
  159  9:30  Marine  
  158  9:34  Marine x2  
  158  9:36  Marine, SCV  
  158  9:38  Widow Mine  
  147  9:41  Planetary Fortress  
  147  9:43  Marine  
  147  9:44  Marine x2  
  147  9:45  Marine x2, Medivac x2  
  147  9:48  Marine  
  147  9:51  Marine x2, SCV  
  150  9:53  Marine  
  150  9:57  Widow Mine  
  153  10:01  Marine, Widow Mine  
  153  10:02  Marine x3  
  153  10:03  Marine  
  153  10:06  Marine  
  156  10:09  Marine x2  
  156  10:11  Marine  
  156  10:13  Widow Mine  
  144  10:15  SCV x3  
  144  10:19  Marine, Widow Mine  
  144  10:20  Marine x3  
  144  10:21  Marine  
  141  10:23  Marine, Widow Mine  
  141  10:27  Marine x2  
  146  10:29  Marine  
  146  10:30  SCV, Command Center  
  146  10:35  Widow Mine  
  145  10:37  Marine x2  
  145  10:38  Terran Vehicle And Ship Armor Level 1  
  145  10:39  Marine x2  
  145  10:40  Widow Mine  
  145  10:42  Marauder  
  153  10:43  SCV x2  
  153  10:44  Marine, Widow Mine  
  153  10:45  Marine  
  158  10:53  Barracks  
  158  10:54  Barracks  
  158  10:56  Widow Mine  
  148  10:58  Marine x2  
  148  10:59  Marine  
  148  11:02  Widow Mine, Barracks  
  148  11:03  Concussive Shells, Marauder  
  144  11:06  Marine x2, Widow Mine  
  144  11:10  Marine x2  
  150  11:14  SCV x2  
  150  11:15  Refinery x2, Marine x2  
  150  11:16  Marine  
  150  11:17  Widow Mine  
  157  11:18  Marine  
  157  11:24  Marine x2, Sensor Tower  
  157  11:25  Marauder  
  162  11:26  Terran Infantry Weapons Level 3  
  162  11:28  Marine  
  162  11:32  SCV  
  164  11:35  Marine, Widow Mine  
  164  11:36  Widow Mine  
  164  11:37  Marine x2  
  167  11:41  Marine x2, SCV  
  167  11:42  SCV  
  167  11:46  Marauder, Command Center  
  171  11:52  Barracks Tech Lab x2  
  171  11:54  Widow Mine  
  173  11:59  Medivac x2  
  173  12:00  Widow Mine  
  179  12:01  Marine  
  179  12:04  Marine  
  179  12:05  Barracks Tech Lab  
  179  12:07  Marine, Marauder  
  179  12:08  Marine  
  185  12:09  Marine, Widow Mine  
  185  12:11  Marauder  
  185  12:12  Marine  
  185  12:13  Marauder  
  189  12:15  Widow Mine  
  189  12:21  Widow Mine  
  189  12:22  Planetary Fortress  
  187  12:27  Marine, Marauder  
  187  12:29  Marauder  
  192  12:30  Widow Mine  
  192  12:32  Marine  
  195  12:43  Marine  
  194  12:44  Widow Mine x2, Medivac, Marauder x2  
  194  12:46  Marine  
  194  12:47  Marine  
  194  12:48  Marauder  
  194  12:50  Marauder  
  193  12:57  Widow Mine  
  189  13:02  Marine x2  
  189  13:03  Marine  
  190  13:06  Widow Mine x2, Medivac, Marauder x2  
  190  13:08  Marine x2  
  190  13:10  Marine x2, Marauder  
  190  13:11  Marine, Marauder  
  188  13:18  Widow Mine  
  188  13:24  Marine x3  
  188  13:26  Marine x2  
  184  13:27  Widow Mine x2, Marauder x2  
  184  13:31  Marauder  
  184  13:32  Marine  
  184  13:33  Marauder  
  193  13:36  Marine x2  
  193  13:37  Command Center  
  193  13:40  Widow Mine  
  195  13:41  Marine x2  
  195  13:44  Marine x2  
  195  13:46  Marine  
Show
View Real Time Build Order
Export as new Build Order

Reynor Zerg 

Build Orders: Hatch First 

Get SALT Encoding   

  12  0:00  Drone  
  13  0:12  Overlord  
  13  0:17  Drone  
  14  0:30  Drone x2  
  16  0:47  Hatchery  
  15  0:50  Drone  
  15  0:54  Drone  
  17  0:58  Drone  
  18  1:08  Extractor  
  17  1:13  Spawning Pool  
  17  1:16  Drone  
  17  1:19  Drone  
  18  1:27  Drone  
  19  1:38  Drone  
  20  1:48  Overlord  
  20  2:00  Queen x2  
  20  2:01  Zergling x4  
  26  2:10  Drone x2  
  26  2:15  Metabolic Boost  
  28  2:23  Drone  
  28  2:25  Spore Crawler  
  28  2:26  Drone  
  30  2:35  Overlord  
  30  2:36  Queen, Drone  
  32  2:39  Queen  
  34  2:46  Drone x2  
  35  2:54  Drone x2  
  37  3:04  Overlord  
  37  3:08  Drone  
  37  3:10  Hatchery  
  37  3:11  Drone  
  38  3:14  Drone x2  
  38  3:19  Queen  
  42  3:24  Overlord  
  42  3:25  Drone  
  42  3:26  Drone  
  44  3:29  Drone  
  45  3:35  Queen  
  45  3:37  Zergling x2  
  48  3:41  Overlord  
  48  3:48  Drone x2  
  48  3:49  Drone  
  48  3:52  Overlord  
  51  3:59  Zergling x2  
  51  4:00  Zergling x6  
  55  4:05  Drone  
  56  4:12  Zergling x2  
  56  4:13  Evolution Chamber  
  55  4:17  Zergling x2  
  55  4:26  Overlord  
  55  4:30  Lair, Drone x5  
  57  4:33  Drone x2  
  57  4:36  Drone  
  57  4:37  Drone  
  57  4:38  Drone  
  63  4:41  Queen  
  63  4:42  Drone  
  63  4:44  Extractor  
  65  4:49  Drone x2  
  65  4:52  Baneling Nest  
  66  4:53  Drone  
  66  4:54  Drone  
  66  4:58  Zergling x2  
  69  5:05  Drone x5  
  73  5:08  Drone  
  73  5:13  Queen  
  76  5:15  Overlord  
  76  5:16  Drone  
  76  5:19  Drone x2  
  79  5:22  Spore Crawler  
  79  5:23  Drone x2  
  79  5:26  Overlord  
  79  5:28  Zergling x2  
  81  5:31  Zergling x2  
  81  5:33  Evolution Chamber  
  80  5:38  Zergling x8  
  82  5:46  Drone x5  
  76  5:59  Drone x2  
  76  6:00  Drone x4  
  76  6:03  Centrifical Hooks  
  82  6:06  Extractor x2  
  79  6:11  Drone x3  
  79  6:12  Drone x3  
  79  6:13  Drone  
  79  6:16  Drone  
  86  6:22  Pneumatized Carapace  
  86  6:23  Hatchery, Evolution Chamber  
  86  6:24  Evolution Chamber  
  83  6:26  Drone x2  
  83  6:28  Drone x3  
  88  6:39  Drone  
  89  6:41  Zergling x2  
  89  6:42  Zergling x8  
  89  6:44  Zergling x6  
  97  6:47  Zergling x2, Hatchery  
  97  6:50  Zerg Ground Armor Level 1  
  97  6:52  Zergling x2  
  98  6:55  Overlord x2  
  98  7:02  Overlord  
  98  7:03  Baneling x3  
  98  7:04  Baneling x5  
  98  7:06  Overseer  
  97  7:16  Zergling x20  
  97  7:22  Baneling x4  
  105  7:24  Drone x2  
  107  7:30  Drone x2  
  107  7:31  Drone x4  
  107  7:33  Queen  
  107  7:35  Overlord  
  113  7:40  Overlord  
  113  7:42  Drone x4  
  116  7:44  Zergling x4  
  116  7:46  Queen  
  116  7:48  Zergling x2  
  117  7:52  Zerg Melee Weapons Level 1  
  117  7:56  Zergling x6  
  118  8:02  Zergling x14  
  118  8:03  Baneling x6  
  122  8:08  Zergling x14  
  122  8:10  Baneling x5  
  122  8:11  Drone x2  
  122  8:16  Zergling x2  
  113  8:20  Drone x3  
  113  8:21  Zergling x2  
  113  8:26  Queen  
  115  8:28  Zergling x8  
  115  8:29  Zergling x4  
  116  8:35  Zergling x8  
  116  8:37  Zergling x4  
  119  8:42  Baneling x8  
  119  8:43  Zergling x12  
  119  8:47  Drone  
  126  8:51  Drone x3  
  126  8:53  Zergling x2  
  126  8:55  Overlord  
  130  8:56  Zergling x6  
  130  9:00  Zergling x2, Queen  
  130  9:02  Zergling x2  
  131  9:05  Drone x3  
  131  9:06  Zergling x4  
  133  9:10  Zergling x2, Baneling  
  133  9:11  Baneling x7  
  133  9:15  Zergling x8  
  133  9:16  Baneling x5  
  134  9:17  Zergling x4  
  134  9:20  Overlord  
  134  9:22  Zergling x4  
  134  9:23  Zergling x4  
  134  9:24  Zergling x4  
  142  9:29  Zergling x2  
  142  9:30  Zergling x6, Queen  
  126  9:32  Zergling x8  
  126  9:37  Zergling x10  
  121  9:41  Zergling x10  
  124  9:46  Zergling x4  
  124  9:48  Zergling x2  
  127  9:52  Zergling x4  
  127  9:53  Zergling x2  
  127  9:56  Baneling  
  127  9:57  Zergling x6, Baneling x8  
  131  10:00  Zergling x4  
  131  10:01  Zergling x6  
  131  10:04  Zergling x4  
  131  10:05  Zergling x2  
  126  10:10  Zergling x4  
  119  10:14  Baneling  
  119  10:15  Baneling x3, Drone x2  
  119  10:18  Zergling x2  
  119  10:19  Zergling x2  
  117  10:22  Zergling x6  
  118  10:31  Zergling x14  
  118  10:33  Zerg Melee Weapons Level 2, Hatchery  
  123  10:41  Zergling x6  
  126  10:43  Zergling x2  
  126  10:49  Zergling x4  
  129  10:50  Zerg Ground Armor Level 2  
  129  10:54  Zergling x4  
  124  11:00  Zergling x18  
  124  11:01  Baneling x4  
  124  11:02  Zergling x4, Baneling  
  124  11:06  Zergling x4  
  124  11:12  Zergling x2  
  124  11:16  Zergling x6  
  123  11:21  Infestation Pit  
  123  11:23  Drone x4  
  123  11:25  Extractor, Baneling x6  
  125  11:26  Zergling x14  
  125  11:27  Baneling  
  131  11:33  Zergling x2  
  131  11:39  Zergling x8  
  135  11:43  Baneling  
  135  11:44  Baneling x6  
  135  11:46  Zergling x6  
  138  11:49  Overseer  
  138  11:50  Zergling x4  
  138  11:53  Zergling x6  
  142  11:57  Zergling x8  
  146  12:01  Zergling x8  
  146  12:07  Zergling x6  
  151  12:10  Overlord  
  149  12:17  Overlord  
  149  12:18  Overlord x2  
  149  12:20  Hive  
  145  12:24  Hatchery  
  145  12:27  Overseer, Overlord  
  145  12:28  Queen  
  144  12:30  Zergling x6  
  144  12:31  Zergling x8  
  142  12:37  Zergling x2  
  142  12:38  Zergling x6  
  142  12:40  Baneling x12  
  143  12:45  Zergling x8  
  143  12:48  Queen  
  143  12:51  Zergling x12  
  140  12:52  Baneling x9  
  140  12:53  Zergling x2  
  140  12:58  Zergling x6  
  139  13:04  Zergling x2  
  126  13:09  Zergling x4  
  126  13:10  Zergling x2  
  105  13:14  Queen  
  105  13:18  Zergling x8  
  105  13:19  Zergling x4  
  110  13:21  Zergling x2  
  110  13:24  Queen  
  110  13:26  Zergling x4  
  109  13:28  Zergling x2  
  107  13:34  Baneling x6  
  107  13:35  Zergling x4, Baneling x10  
  107  13:37  Zergling x2  
  107  13:38  Baneling x2  
  107  13:39  Zergling x2, Baneling x10  
  111  13:43  Zergling x2  
  111  13:44  Baneling x2  
  111  13:45  Zergling x6  
  111  13:47  Zergling x8  

Tags
 
Add a new tag
Caveats
  • Supply blocks, unpowered buildings, or Contaminate may cause inaccurate times.
  • Supply counts are checked every 10 seconds.